 Dungeon Crawl Stone Soup version 0.30-a0-390-g80c34de (webtiles) character file.

Game seed: 17177294768432604108

59 Meow the Sneak (level 4, 36/36 HPs)
             Began as a Naga Conjurer on Dec 3, 2022.
             Quit the game on level 2 of the Dungeon.
             The game lasted 00:03:03 (1565 turns).

Meow the Sneak (Naga Conjurer)                      Turns: 1565, Time: 00:03:04

Health: 36/36      AC:  2    Str: 10    XL:     4   Next: 3%
Magic:  7/7        EV:  9    Int: 20    God:
Gold:   18         SH:  0    Dex:  9    Spells: 4/7 levels left

rFire   . . .      SeeInvis +    a - +1 short sword (freeze)
rCold   . . .      Faith    .    (no shield)
rNeg    . . .      Spirit   .    c - +0 robe
rPois   +          Reflect  .    (no helmet)
rElec   .          Harm     .    (no cloak)
rCorr   .          Rampage  .    (no gloves)
Will    .....                    (no barding)
Stlth   +++.......               (no amulet)
HPRegen 0.26/turn                (no ring)
MPRegen 0.10/turn                (no ring)

@: very slow
A: AC +1, large, see invisible, deformed body, poison resistance, slowness 2,
spit poison 1, naga tail 1
a: Spit Poison


You were on level 2 of the Dungeon.
You visited 1 branch of the dungeon, and saw 2 of its levels.

You collected 18 gold pieces.

Inventory:

Hand Weapons
 a - a +1 short sword of freezing (weapon)
 e - a +0 dagger
Armour
 c - a +0 robe (worn)
Scrolls
 h - 2 scrolls of identify {unknown}
 j - a scroll of teleportation {unknown}
Potions
 b - a potion of magic
 d - a potion of mutation {unknown}
 f - 2 potions of degeneration {unknown}
 g - a potion of might {unknown}
 i - a potion of resistance {unknown}


   Skills:
 - Level 1.5 Dodging
 - Level 6.0 Stealth
 + Level 2.2 Spellcasting
 + Level 4.1 Conjurations


You had 4 spell levels left.
You knew the following spells:

 Your Spells              Type           Power      Damage    Failure   Level
a - Magic Dart            Conj           72%        1d6       2%          1
b - Searing Ray           Conj           36%        2d5       4%          2

Your spell library contained the following spells:

 Spells                   Type           Power      Damage    Failure   Level
 Dazzling Flash           Conj/Hex       20%        N/A       21%         3
 Gell's Gravitas          Tloc           2%         N/A       43%         3
 Lesser Beckoning         Tloc           4%         N/A       43%         3
 Teleport Other           Tloc           2%         N/A       43%         3
 Fulminant Prism          Conj/Hex       5%         3d7       54%         4
 Iskenderun's Mystic Bla  Conj/Tloc      10%        2d4       54%         4


Dungeon Overview and Level Annotations

Branches:
Dungeon (2/15)

Altars:


Innate Abilities, Weirdness & Mutations

Your serpentine skin is tough. (AC +1)
You have supernaturally acute eyesight. (SInv)
Armour fits poorly on your strangely shaped body.
Your system is resistant to poisons. (rPois)
You cover ground very slowly.
You can spit poison.
You have a snake-like lower body.


Message History

The splash of poison hits the kobold.
The kobold is poisoned.
You kill the kobold!
Unknown command.
You start waiting.
You have got your breath back.
Things that are here:
a +0 whip; a kobold corpse A kobold comes into view.
It is wielding a +0 short sword.
Aiming: Spit Poison (1% risk of failure)
Press: ? - help, Shift-Dir - straight line, f - kobold
Aim: a kobold, wielding a +0 short sword and quivering stones (asleep, 100% to hit)
The splash of poison hits the kobold.
The kobold is poisoned.
You kill the kobold!
Unknown command.
You start waiting.
You have got your breath back.
Things that are here:
a +0 short sword; 4 stones; a kobold corpse
Things that are here:
a +0 short sword; 4 stones; a kobold corpse A kobold comes into view.
It is wielding a +0 dagger.
Aiming: Spit Poison (1% risk of failure)
Press: ? - help, Shift-Dir - straight line, f - kobold
Aim: a kobold, wielding a +0 dagger and quivering stones (wandering, hasn't noticed you, 50% to hit)
The splash of poison hits the kobold.
You kill the kobold!
Unknown command.
You start waiting.
You have got your breath back.
Things that are here:
a +0 dagger; 2 stones You enter the shallow water.
Moving in this stuff is going to be slow.
You enter the shallow water.
Moving in this stuff is going to be slow.
You enter the shallow water.
Moving in this stuff is going to be slow.
You see here a +0 spear.
Key pressed, stopping explore.
Are you sure you want to abandon this character and quit the game? (Confirm with "yes".)

#######..#.######..>..####.....
# ##.....#....##....#....#
##### ####...[...........#
....# .......##..#.###
....######.######.........##
....<...>..# ###...#....# .
....######## ####.#....#.###..
....##### ##....###.......(.
........### #.@### ##........
....###...# #.## ###......##
....# ###.## #.# #.)...#..#
....# #..####.# ##.#.#.)....
....# ##..##..# ###..#.#.####.
##### ##.....###........#
##....>....##...##
##.............###
#.).<........###


There were no monsters in sight!

Vanquished Creatures
  An adder (D:2)
  A worm (D:2)
  3 dart slugs
  5 bats
  2 endoplasms
  2 giant cockroaches (D:2)
  A goblin (D:1)
  3 hobgoblins
  11 kobolds
  5 ball pythons
  7 rats (D:1)
41 creatures vanquished.

Vanquished Creatures (others)
  10 plants (D:2)
10 creatures vanquished.

Grand Total: 51 creatures vanquished

Notes
Turn   | Place    | Note
-------+----------+-------------------------------------------
     0 | D:1      | Meow the Naga Conjurer began the quest for the Orb.
     0 | D:1      | Reached XP level 1. HP: 15/15 MP: 3/3
   109 | D:1      | Reached skill level 4 in Stealth
   109 | D:1      | Reached XP level 2. HP: 22/22 MP: 0/5
   112 | D:1      | Learned a level 2 spell: Searing Ray
   528 | D:1      | Reached skill level 5 in Stealth
   732 | D:1      | Reached XP level 3. HP: 28/28 MP: 2/6
  1131 | D:2      | Reached skill level 6 in Stealth
  1428 | D:2      | Reached XP level 4. HP: 36/36 MP: 7/7
  1565 | D:2      | Quit the game

Illustrated notes

Levels and vault maps discovered:
D:1:      lightli_molten_gateway, layout_loops_corners
D:2:      layout_rooms, serial_bayou, serial_bayou_shore_a,
          serial_bayou_shore_b, serial_bayou_lagoon_b, serial_bayou_crossing,
          uniq_terence

Skill      XL: |  1  2  3 |
---------------+----------+-----
Stealth        | 4 5 6 |  6.0
Dodging        | |  1.5
Spellcasting   | |  2.2
Conjurations   | |  4.1

Action                   |  1- 3 |  4- 6 || total
-------------------------+-------+-------++-------
Melee: Dagger            |     1 |       ||     1
       Short sword       |     4 |       ||     4
 Cast: Magic Dart        |    28 |       ||    28
       Searing Ray       |     5 |       ||     5
 Abil: Spit Poison       |    25 |     3 ||    28
Armor: Robe              |     7 |       ||     7
Dodge: Dodged            |     8 |       ||     8

Table legend: (Time is in decaauts)
 A = Elapsed time spent in this place.
 B = Non-inter-level travel time spent in this place.
 C = Inter-level travel time spent in this place.
 D = Time resting spent in this place.
 E = Time spent auto-exploring this place.
 F = Levels seen in this place.
 G = Mean time per level.
                   A        B        C        D        E       F      G
               +--------+--------+--------+--------+--------+-----+--------+
         Total |   1983 |   1940 |     43 |    480 |   1266 |   2 |  991.5 |
       Dungeon |   1983 |   1940 |     43 |    480 |   1266 |   2 |  991.5 |
               +--------+--------+--------+--------+--------+-----+--------+

Top non-repeatable levels by time:
     D:1: 1399 daAuts
     D:2: 584 daAuts
